 Dungeon Crawl Stone Soup version 0.31-a0-329-g52107efa6a (webtiles) character file.

Game seed: 4278275657416989340

217 AdnanSaban the Covered (level 5, -8/33 HPs)
             Began as a Gargoyle Fighter on July 19, 2023.
             Killed from afar by Ijyb (11 damage)
             ... with a puff of flame
             ... on level 4 of the Dungeon.
             The game lasted 00:03:22 (3180 turns).

AdnanSaban the Covered (Gargoyle Fighter)           Turns: 3180, Time: 00:03:23

Health: -8/33      AC: 12    Str: 21    XL:     5   Next: 94%
Magic:  5/5        EV:  9    Int:  9    God:
Gold:   211        SH:  4    Dex:  9    Spells: 4/4 levels left

rFire   . . .        n - +1 whip (venom)
rCold   . . .        c - +0 buckler
rNeg    + . .        b - +0 scale mail
rPois   ∞            (no helmet)
rElec   +            i - +0 cloak
rCorr   .            (no gloves)
SInv    .            (no boots)
Will    .....        (no amulet) Stlth
                     (no ring)
HPRegen 0.25/turn    (no ring)
MPRegen 0.09/turn

%: no passive effects
@: no status effects
A: sickness immunity, AC +4, negative energy resistance 1, electricity
resistance, torment resistance 1, petrification resistance
a: no special abilities


You were on level 4 of the Dungeon.
You visited 1 branch of the dungeon, and saw 4 of its levels.

You collected 211 gold pieces.

Inventory:

Hand Weapons
 n - a +1 whip of venom (weapon)
Missiles
 f - a throwing net
Armour
 b - a +0 scale mail (worn)
 c - a +0 buckler (worn)
 i - a +0 cloak (worn)
Scrolls
 a - 2 scrolls of enchant weapon {unknown}
 e - 2 scrolls of fog {unknown}
 m - 2 scrolls of teleportation {unknown}
 o - a scroll of identify {unknown}
 p - a scroll of revelation {unknown}
 q - a scroll of amnesia {unknown}
Potions
 d - 3 potions of might
 g - a potion of berserk rage {unknown}
 h - a potion of experience {unknown}
 j - 3 potions of curing {unknown}
 k - a potion of resistance {unknown}
 l - a potion of lignification {unknown}
 r - a potion of cancellation {unknown}
 s - a potion of heal wounds {unknown}


   Skills:
 + Level 4.1 Fighting
 + Level 4.3 Maces & Flails
 + Level 4.3 Armour
 + Level 4.1 Shields


You had 4 spell levels left.
You didn't know any spells.
Your spell library contained the following spells:

 Spells                   Type           Power      Damage    Failure   Level
 Blink                    Tloc           0%         N/A       89%         2
 Lesser Beckoning         Tloc           0%         N/A       89%         2
 Momentum Strike          Conj/Tloc      0%         3d8       89%         2
 Static Discharge         Conj/Air       0%         2-2/arc   89%         2
 Airstrike                Air            0%         2d(0-16)  100%        4
 Animate Armour           Summ/Erth      0%         N/A       100%        4
 Leda's Liquefaction      Hex/Erth       0%         N/A       100%        4
 Summon Lightning Spire   Summ/Air       0%         N/A       100%        4
 Lee's Rapid Deconstruct  Erth           0%         3d4*      100%        5
 Leda's Unmaking          Conj/Erth      0%         9d1       100%        6


Dungeon Overview and Level Annotations

Branches:
Dungeon (4/15)
 Temple: D:4-7

Altars:
Ashenzari
Gozag
Trog

Shops:
D:2 :

Annotations:
D:4 Ijyb, Pikel


Innate Abilities, Weirdness & Mutations

You are immune to sickness and miasma.
Your stone body is resilient. (AC +4)
You are immune to poison.
You resist negative energy. (rN+)
You are resistant to electric shocks. (rElec)
You are resistant to unholy torment.
You are immune to petrification.


Message History

A mysterious force pulls you upwards. The hatch slams shut behind you.
You start resting.
HP restored.
There is a stone staircase leading down here.
You climb downwards.
Level annotation: Ijyb, Pikel
Found 6 stones.
There is a stone staircase leading up here.
Found an opulent altar of Gozag.
Ijyb is nearby!
Ijyb shouts!
Ijyb zaps a wand.
You block the puff of flame.
Ijyb zaps a wand.
The puff of flame hits you!
You completely miss Ijyb. Ijyb barely misses you.
You hit Ijyb.
Ijyb is lightly wounded.
Ijyb closely misses you.
You hit Ijyb.
Ijyb is poisoned.
Ijyb is lightly wounded.
You block Ijyb's attack.
You closely miss Ijyb.
Ijyb is lightly wounded.
Ijyb zaps a wand.
The puff of flame hits you.
You hit Ijyb but do no damage.
Ijyb is lightly wounded.
Ijyb zaps a wand.
The puff of flame hits you.
You barely miss Ijyb.
Ijyb is moderately wounded.
Ijyb zaps a wand.
The puff of flame hits you!
You are too injured to fight recklessly!
You are too injured to fight recklessly!
You are too injured to fight recklessly!
You hit Ijyb but do no damage.
Ijyb looks even sicker.
Ijyb is moderately wounded.
Ijyb zaps a wand.
The puff of flame hits you.
* * * LOW HITPOINT WARNING * * *
Ijyb attacks as you move away! Ijyb hits you with a +0 club.
* * * LOW HITPOINT WARNING * * *
Ijyb zaps a wand.
The puff of flame hits you!
You die...

................ ..
..................# ...
...........(.......# .....
...........#.......# .....
...........#.......# .....
#..........##..!....# ....
#..........##.>.....#####..
##..........##..........##..
#.....#....@.g......#...5...
#.....#.............#...K.g<
#........####^####..#.......
#........# ..... #..#.......
#........#.......#..#.......
#........#.......#..#.......
#...##...^..._...#..#.......
#........#.......#..........
#........#...... #........#.


You could see Ijyb (very poisoned).

Vanquished Creatures
  2 lemures (D:4)
  2 orc priests (D:4)
  An iguana (D:4)
  Robin (D:2)
  4 adders
  2 worms (D:2)
  4 dart slugs
  5 orcs (D:4)
  4 endoplasms
  2 giant cockroaches
  10 goblins
  7 hobgoblins
  4 jackals (D:3)
  7 kobolds
  A quokka (D:3)
  2 ball pythons
  6 bats
  4 frilled lizards
  A rat (D:1)
69 creatures vanquished.

Vanquished Creatures (others)
  A goblin (D:2)
1 creature vanquished.

Grand Total: 70 creatures vanquished

Notes
Turn   | Place    | Note
-------+----------+-------------------------------------------
     0 | D:1      | AdnanSaban the Gargoyle Fighter began the quest for the
                  | Orb.
     0 | D:1      | Reached XP level 1. HP: 14/14 MP: 1/1
     6 | D:1      | Noticed a ragged hierophant
     6 | D:1      | Noticed a tyrant leech
     6 | D:1      | Noticed a basilisk
     7 | D:1      | Noticed a frost giant
     7 | D:1      | Noticed a hell rat
   392 | D:1      | Found a faded altar of an unknown god.
   426 | D:1      | Reached XP level 2. HP: 18/19 MP: 2/2
  1125 | D:2      | Found a bloodstained altar of Trog.
  1163 | D:2      | Reached XP level 3. HP: 18/24 MP: 3/3
  1291 | D:2      | Noticed Robin
  1303 | D:2      | Killed Robin
  1436 | D:2      | Found Cukiaku's Book Emporium.
  1827 | D:3      | Reached XP level 4. HP: 29/29 MP: 4/4
  2474 | D:4      | Found a broken altar of Ashenzari.
  2492 | D:4      | Reached XP level 5. HP: 19/33 MP: 5/5
  2662 | D:4      | Noticed a lemure
  2711 | D:4      | Killed a lemure
  3012 | D:4      | Noticed Ijyb
  3015 | D:4      | Noticed Pikel
  3016 | D:4      | Noticed a lemure
  3018 | D:4      | Noticed a lemure
  3019 | D:4      | Noticed a lemure
  3031 | D:4      | Killed a lemure
  3157 | D:4      | Found an opulent altar of Gozag.
  3180 | D:4      | Killed from afar by Ijyb

Illustrated notes

Levels and vault maps discovered:
D:1:      onia_arrival_zoo_common, layout_basic, shapermc_ecumenical_altar_gd
D:2:      layout_basic, basic_altar, serial_shops, shop, uniq_robin
D:3:      layout_basic
D:4:      layout_basic, ashenzari_altar_1, lemuel_tele_altar,
          minmay_stone_trees_medium, uniq_pikel, uniq_ijyb,
          uniq_crazy_yiuf_cottage

Skill      XL: |  1  2  3  4  5 |
---------------+----------------+-----
Maces & Flails | 3 4 |  4.3
Armour         | 4 |  4.3
Fighting       | 4 |  4.1
Shields        | 4 |  4.1

Action                     |  1- 3 |  4- 6 || total
---------------------------+-------+-------++-------
  Melee: Flail             |    92 |       ||    92
         Whip              |       |   153 ||   153
 Armour: Scale mail        |    66 |    62 ||   128
  Dodge: Dodged            |    37 |    51 ||    88
  Block: Buckler           |    26 |    31 ||    57

Table legend: (Time is in decaauts)
 A = Elapsed time spent in this place.
 B = Non-inter-level travel time spent in this place.
 C = Inter-level travel time spent in this place.
 D = Time resting spent in this place.
 E = Time spent auto-exploring this place.
 F = Levels seen in this place.
 G = Mean time per level.
                   A        B        C        D        E       F      G
               +--------+--------+--------+--------+--------+-----+--------+
         Total |   3200 |   3103 |     97 |     80 |   2452 |   4 |  800.0 |
       Dungeon |   3200 |   3103 |     97 |     80 |   2452 |   4 |  800.0 |
               +--------+--------+--------+--------+--------+-----+--------+

Top non-repeatable levels by time:
     D:2: 943 daAuts
     D:1: 844 daAuts
     D:3: 740 daAuts
     D:4: 672 daAuts
